 Dungeon Crawl Stone Soup version 0.30.0 (webtiles) character file.

Game seed: 18321347457464115087

854 Lightningsun the Covered (level 8, -3/64 HPs)
             Began as a Hill Orc Berserker on Nov 8, 2023.
             Was a Priest of Trog.
             Slain by a gnoll
             ... wielding a +0 flail
             ... led by a gnoll bouda
              (7 damage)
             ... on level 5 of the Dungeon.
             The game lasted 00:15:51 (3867 turns).

Lightningsun the Covered (Hill Orc Berserker)       Turns: 3867, Time: 00:15:52

Health: -3/64      AC:  9    Str: 22    XL:     8   Next: 1%
Magic:  8/8        EV: 11    Int:  7    God:    Trog [***...]
Gold:   181        SH:  0    Dex: 10    Spells: 7/7 levels left

rFire   + + .        a - +0 hand axe
rCold   . . .        (no shield)
rNeg    + . .        r - +0 ring mail of Alunuts {rF++}
rPois   .            o - +0 helmet
rElec   .            (no cloak)
rCorr   .            (no gloves)
SInv    .            p - +0 pair of boots
Will    ++...        (no amulet) Stlth
                     c - ring of positive energy
HPRegen 1.30/turn    (no ring)
MPRegen 0.11/turn

%: no passive effects
@: strong-willed, on berserk cooldown, regenerating
A: no striking features
a: Renounce Religion, Berserk, Trog's Hand


You were on level 5 of the Dungeon.
You worshipped Trog.
Trog was most pleased with you.
You visited 1 branch of the dungeon, and saw 5 of its levels.
You also visited: Ossuary.

You collected 181 gold pieces.

Inventory:

Hand Weapons
 a - a +0 hand axe (weapon)
 A - the +11 rapier of Pestilence {heavy, rF+ Str+3}
   (You found it on level 5 of the Dungeon)

   Str:       It affects your strength (+3).
   rF:        It protects you from fire.
Missiles
 j - 53 stones (quivered)
 w - 3 poisoned darts
Armour
 b - a +0 animal skin
 k - a +0 ring mail
 n - a +0 chain mail
 o - a +0 helmet (worn)
 p - a +0 pair of boots (worn)
 r - the +0 ring mail of Alunuts (worn) {rF++}
   (You found it on level 2 of the Dungeon)

   rF:        It greatly protects you from fire.
Jewellery
 c - a ring of positive energy (left hand)
Scrolls
 g - a scroll of silence {unknown}
 h - a scroll of identify
 i - 3 scrolls of noise
 m - a scroll of immolation {unknown}
 u - 2 scrolls of fear
 y - a scroll of enchant armour {unknown}
 B - a scroll of poison {unknown}
Potions
 e - a potion of mutation {unknown}
 f - a potion of heal wounds {unknown}
 l - 4 potions of might
 q - a potion of berserk rage {unknown}
 s - a potion of resistance {unknown}
 t - a potion of magic {unknown}
 v - a potion of lignification {unknown}
 x - 5 potions of haste
 C - a potion of cancellation {unknown}


   Skills:
 - Level 3.6 Fighting
 + Level 3.4 Short Blades
 - Level 7.0 Axes
 - Level 7.5 Armour
 - Level 1.5 Dodging


You had 7 spell levels left.
You didn't know any spells.
Your spell library was empty.

Dungeon Overview and Level Annotations

Branches:
Dungeon (5/15)             Temple (0/1) D:5         Ossuary (visited)

Altars:
The Shining One

Shops:
D:4 (

Annotations:
D:5 Eustachio


Message History

The orc is severely wounded.
You closely miss the gnoll. x2; You hit the gnoll bouda.
The gnoll hits you with a +0 flail.
The gnoll hits you from afar with a +0 spear.
The orc barely misses you. The gnoll bouda closely misses you.
You barely miss the orc.
The orc is severely wounded.
You closely miss the gnoll. You hit the gnoll but do no damage.
You hit the gnoll.
You hit the gnoll bouda but do no damage.
The gnoll is no longer moving quickly.
The gnoll hits you but does no damage. The gnoll closely misses you.
The gnoll hits you from afar with a +0 spear.
The gnoll barely misses you.
The gnoll bouda barks out a call to the hunt!
The gnoll picks up the pace!
The orc hits you with a +0 flail.
* * * LOW HITPOINT WARNING * * *
You hit the orc.
You kill the orc!
Trog accepts your kill.
You hit the gnoll but do no damage. x2
You hit the gnoll bouda but do no damage.
You hit the gnoll.
The gnoll is no longer moving quickly.
The gnoll hits you but does no damage. x3; The gnoll hits you with a +0 flail.
* * * LOW HITPOINT WARNING * * *
The gnoll bouda hits you with a +0 club!
* * * LOW HITPOINT WARNING * * *
Your skin crawls.
You feel strong-willed.
Your attacks no longer feel as feeble.
The gnoll hits you but does no damage. The gnoll barely misses you. x2
The gnoll hits you from afar with a +0 spear!
* * * LOW HITPOINT WARNING * * *
The gnoll bouda closely misses you.
You hit the gnoll bouda.
The gnoll bouda is moderately wounded.
You hit the gnoll. You closely miss the gnoll. You slash the gnoll!
You hit the gnoll. The gnoll hits you but does no damage.
The gnoll hits you with a +0 flail!
You die...

. #..........#..........
#.##...........##........
.........g.....#.........
........#...g.....#......... ...
@.##....##.#............ ....
.#.#...####..).......... #....
#.#..g.####............. #.#..
#....gg##...#......###.
.#.####.#.#...rg@#....#......#~~~
#.##..##.#.....gg..###.......#~#.
.##....##......##...#...##....~..
...............##......##)....~..
............r..##......#......~..
.##....##......##..##.........~..
#.##..##.#......##.#..........~..
.#.####.#.#.....#............#~#.
#.#..).#.##....####..........#~~~


You could see Eustachio, a gnoll bouda, 5 gnolls and 2 river rats.

Vanquished Creatures
  Sigmund (D:5)
  An ice beast (D:5)
  A black bear (D:5)
  An ogre (D:5)
  A howler monkey (D:4)
  3 centaur zombies (Ossuary)
  A hound (D:5)
  A jelly (D:5)
  2 mummies (Ossuary)
  4 gnolls
  4 adders
  2 adder zombies (Ossuary)
  4 worms (D:2)
  4 dart slugs
  7 orcs
  10 ball pythons
  6 endoplasms
  2 giant cockroaches (D:3)
  2 goblins
  9 hobgoblins
  6 kobolds
  A quokka (D:2)
  2 bats (D:2)
  2 frilled lizards
  2 goblin zombies
  9 hobgoblin zombies (Ossuary)
  3 jackal zombies (Ossuary)
  11 kobold zombies (Ossuary)
  7 orc zombies (Ossuary)
  A quokka zombie (D:4)
  5 rats
  A rat zombie (Ossuary)
116 creatures vanquished.

Vanquished Creatures (others)
  An orc wizard (D:4)
  5 plants (D:2)
6 creatures vanquished.

Grand Total: 122 creatures vanquished

Notes
Turn   | Place    | Note
-------+----------+-------------------------------------------
     0 | D:1      | Lightningsun the Hill Orc Berserker began the quest for the
                  | Orb.
     0 | D:1      | Reached XP level 1. HP: 19/19 MP: 1/1
   121 | D:1      | Reached XP level 2. HP: 17/26 MP: 2/2
   292 | D:1      | Reached skill level 5 in Axes
   989 | D:2      | Reached XP level 3. HP: 24/31 MP: 3/3
  1178 | D:2      | Found a faded altar of an unknown god.
  1243 | D:2      | Reached ** piety under Trog
  1573 | D:2      | Reached XP level 4. HP: 39/39 MP: 4/4
  1747 | D:2      | Identified the +0 ring mail of Alunuts {rF++}
  2218 | D:4      | Reached XP level 5. HP: 32/45 MP: 5/5
  2381 | D:4      | Found Timooddy's Weapon Boutique.
  2387 | D:4      | Found a sand-covered staircase.
  2405 | Ossuary  | Entered an ossuary
  2477 | Ossuary  | Reached *** piety under Trog
  2543 | Ossuary  | Reached skill level 5 in Armour
  2543 | Ossuary  | Reached XP level 6. HP: 14/51 MP: 6/6
  3066 | D:4      | Found a glowing golden altar of the Shining One.
  3270 | D:5      | Entered Level 5 of the Dungeon
  3297 | D:5      | Reached **** piety under Trog
  3400 | D:5      | Found a staircase to the Ecumenical Temple.
  3400 | D:5      | Noticed Sigmund
  3425 | D:5      | Reached XP level 7. HP: 14/57 MP: 7/7
  3450 | D:5      | Killed Sigmund
  3606 | D:5      | Identified the +11 rapier of Pestilence {heavy, rF+ Str+3}
  3827 | D:5      | Noticed Eustachio
  3840 | D:5      | Reached XP level 8. HP: 61/64 MP: 8/8
  3866 | D:5      | HP: 3/64 [gnoll/+0 spear[a gnoll bouda] (8)]
  3867 | D:5      | Slain by a gnoll

Illustrated notes

Levels and vault maps discovered:
D:1:      zaba_arrival_water, layout_loops_ring
D:2:      layout_loops_cross, serial_forest, infiniplex_forest_lined_room_,
          infiniplex_forest_diagonal, infiniplex_forest_clump_tiny,
          infiniplex_forest_straight_4, infiniplex_forest_straight_3,
          infiniplex_forest_lined_3, infiniplex_forest_clump_tiny,
          infiniplex_forest_clump_C, ebering_ecumenical_altar_abandoned
D:3:      layout_basic, ebering_ghost_inner_flame, kennysheep_generic_room_10
D:4:      layout_basic, mainiacjoe_overflow_concentric_impassable, serial_shops,
          shop, enter_ossuary_4
D:5:      layout_cave_pools, minmay_temple_entry_water_ring,
          amcnicky_mini_rare_corridor_liquid, minmay_misc_feat_secret_circle,
          uniq_eustachio, uniq_crazy_yiuf_cottage, uniq_sigmund

Skill      XL: |  1  2  3  4  5  6  7 |
---------------+----------------------+-----
Axes           | 5 6 7 |  7.0
Armour         | 5 6 7 |  7.5
Short Blades   | 3 |  3.4
Fighting       | |  3.6
Dodging        | |  1.5

Action                     |  1- 3 |  4- 6 |  7- 9 || total
---------------------------+-------+-------+-------++-------
  Melee: Hand axe          |   116 |   268 |    31 ||   415
         Punch             |     1 |     2 |       ||     3
         Rapier            |       |       |    13 ||    13
  Throw: Stone             |     9 |     2 |       ||    11
 Invoke: Berserk           |       |     4 |     1 ||     5
         Trog's Hand       |       |       |     1 ||     1
    Use: Scroll            |       |       |     6 ||     6
         Potion            |       |       |     3 ||     3
 Armour: Animal skin       |     6 |       |       ||     6
         Chain mail        |    25 |    17 |       ||    42
         Ring mail         |     2 |   123 |    37 ||   162
  Dodge: Dodged            |    45 |   152 |    37 ||   234
